 Dungeon Crawl Stone Soup version 0.29-a0-317-gd16b76e6b1 (webtiles) character file.

Game seed: 4702228403128631904

37 Dabor the Insei (level 3, 0/27 HPs)
             Began as a Naga Transmuter on Mar 31, 2022.
             Was a Follower of Makhleb.
             Slain by a goblin
             ... wielding a +2 dagger of holy wrath
              (2 damage)
             ... on level 2 of the Dungeon.
             The game lasted 00:03:27 (2012 turns).

Dabor the Insei (Naga Transmuter)                   Turns: 2012, Time: 00:03:28

Health: 0/27       AC:  2    Str: 12    XL:     3   Next: 39%
Magic:  5/6        EV: 10    Int: 13    God:    Makhleb [*.....]
Gold:   70         SH:  0    Dex: 11    Spells: 5/6 levels left

rFire   . . .      SeeInvis +     - Unarmed
rCold   . . .      Faith    .   (no shield)
rNeg    . . .      Spirit   .   a - +0 robe
rPois   +          Reflect  .   (helmet currently unavailable)
rElec   .          Harm     .   (no cloak)
rCorr   .          Rampage  .   (no gloves)
Will    .....                   (no barding)
Stlth   +.........              (no amulet)
HPRegen 0.09/turn               (no ring)
MPRegen 0.10/turn               (no ring)

@: about to teleport, appendages, very slow
A: horns 2, AC +1, large, see invisible, deformed body, poison resistance,
slowness 2, spit poison 1, naga tail 1, clumsy 1, frail 1, screaming 1
a: Spit Poison, End Transformation, Renounce Religion


You were on level 2 of the Dungeon.
You worshipped Makhleb.
Makhleb was aware of your devotion.
You had temporarily grown beastly horns.
You visited 1 branch of the dungeon, and saw 2 of its levels.

You collected 70 gold pieces.

Inventory:

Missiles
 h - 3 javelins
 i - 3 boomerangs (quivered)
Armour
 a - a +0 robe (worn)
Scrolls
 b - a scroll of identify {unknown}
 d - a scroll of fog {unknown}
 f - a scroll of torment {unknown}
 g - a scroll of silence {unknown}


   Skills:
 + Level 1.5 Fighting
 + Level 1.8 Dodging
 + Level 3.2 Unarmed Combat
 + Level 2.3 Spellcasting
 + Level 2.3 Transmutations
 * Level 0.6 Ice Magic
 + Level 0.4 Invocations


You had 5 spell levels left.
You knew the following spells:

 Your Spells              Type           Power      Damage    Failure   Level
a - Beastly Appendage     Tmut           14%        N/A       10%         1

Your spell library contained the following spells:

 Spells                   Type           Power      Damage    Failure   Level
 Wereblood                Tmut           7%         N/A       14%         2
 Freeze                   Ice            12%        1d4       19%         1
 Spider Form              Tmut/Pois      4%         N/A       43%         3
 Frozen Ramparts          Ice            6%         1d2       50%         3
 Ice Form                 Ice/Tmut       5%         N/A       80%         4
 Hailstorm                Conj/Ice       2%         3d3       91%         4


Dungeon Overview and Level Annotations

Branches:
Dungeon (2/15)

Altars:
Makhleb
The Shining One

Shops:
D:1 :   D:2 *


Innate Abilities, Weirdness & Mutations

You have temporarily grown beastly horns.
Your serpentine skin is tough. (AC +1)
You have supernaturally acute eyesight. (SInv)
Armour fits poorly on your strangely shaped body.
Your system is resistant to poisons. (rPois)
You cover ground very slowly.
You can spit poison.
You have a snake-like lower body.
You are clumsy. (Dex -2)
You are frail. (-10% HP)
You occasionally shout uncontrollably at your foes.


Message History

Found a scroll labelled VOASHR HIDIVUGU.
The goblin barely misses you.
You closely miss the goblin. The goblin hits you with a +0 dagger.
The orc shouts!
You hit the goblin but do no damage. The rat bites you.
The goblin barely misses you.
You are too injured to fight recklessly!
You are too injured to fight recklessly!
You are too injured to fight recklessly!
You are too injured to fight recklessly!
You are too injured to fight recklessly!
You are too injured to fight recklessly!
You are too injured to fight recklessly!
You are too injured to fight recklessly!
You are too injured to fight recklessly!
You are too injured to fight recklessly!
You are too injured to fight recklessly!
The goblin attacks as you move away! The goblin barely misses you.
The rat attacks as you move away! The rat closely misses you.
The rat twitches its whiskers.
The goblin hits you but does no damage. The rat bites you but does no damage.
Items here: )) ††.
The goblin attacks as you move away!
The goblin hits you with a +2 dagger of holy wrath.
The rat attacks as you move away! The rat bites you.
* * * LOW HITPOINT WARNING * * *
Casting: Beastly Appendage (safe; 10% risk of failure)
Confirm with . or Enter, or press ? or * to list all spells.
You grow a pair of large bovine horns.
The goblin hits you with a +2 dagger of holy wrath.
* * * LOW HITPOINT WARNING * * *
You hit the goblin.
The goblin is almost dead.
The goblin hits you with a +2 dagger of holy wrath.
* * * LOW HITPOINT WARNING * * *
You aren't carrying any potions.
As you read the scroll labelled APLEAM ANNAAGUE, it crumbles to dust.
You feel strangely unstable.
It was a scroll of teleportation.
The goblin hits you with a +2 dagger of holy wrath.
You die...

#.#.###########
#.#...[........
##'#..##########
#.....# # #.....#
# #.....# #
#.....# #
###########.....#
#
.......rg@.>....#
#
####..g####+#.##
# #.......'?# ..#
# #....w..#.# .#
# #.##...<#.# # .
...#... # #
#.###### # ... #
#. #


You could see a worm, 2 goblins and a rat.

Vanquished Creatures
  An adder (D:2)
  4 endoplasms (D:1)
  A goblin (D:2)
  2 hobgoblins (D:1)
  3 quokkas (D:1)
  A ball python (D:1)
  3 bats
  2 frilled lizards
  8 kobolds
  2 rats (D:2)
27 creatures vanquished.

Notes
Turn   | Place    | Note
-------+----------+-------------------------------------------
     0 | D:1      | Dabor the Naga Transmuter began the quest for the Orb.
     0 | D:1      | Reached XP level 1. HP: 18/18 MP: 3/3
   723 | D:1      | Reached XP level 2. HP: 25/25 MP: 5/5
   744 | D:1      | Found Byrr's Book Boutique.
  1018 | D:1      | Found a faded altar of an unknown god.
  1025 | D:1      | Prayed at the altar of an unknown god.
  1025 | D:1      | Became a worshipper of Makhleb the Destroyer
  1025 | D:1      | Reached * piety under Makhleb
  1461 | D:2      | Gained mutation: You do not regenerate when monsters are
                  | visible. [potion of mutation]
  1461 | D:2      | Gained mutation: You are dopey. (Int -2) [potion of
                  | mutation]
  1461 | D:2      | Gained mutation: Your movements are slightly less
                  | encumbered by armour. (ER -2) [potion of mutation]
  1461 | D:2      | HP: 1/25 [poisoned by an adder]
  1478 | D:2      | Reached XP level 3. HP: 6/31 MP: 6/6
  1481 | D:2      | HP: 2/46 [poisoned by an adder]
  1809 | D:2      | Found Zivaymis's General Store.
  1816 | D:2      | Found a glowing golden altar of the Shining One.
  1944 | D:2      | Lost mutation: You are dopey. (Int -2) [potion of mutation]
  1944 | D:2      | Lost mutation: You do not regenerate when monsters are
                  | visible. [potion of mutation]
  1944 | D:2      | Lost mutation: Your movements are slightly less encumbered
                  | by armour. (ER -2) [potion of mutation]
  1944 | D:2      | Gained mutation: You occasionally shout uncontrollably at
                  | your foes. [potion of mutation]
  1944 | D:2      | Gained mutation: You are clumsy. (Dex -2) [potion of
                  | mutation]
  1944 | D:2      | Gained mutation: You are frail. (-10% HP) [potion of
                  | mutation]
  2012 | D:2      | Slain by a goblin

Illustrated notes

Levels and vault maps discovered:
D:1:      dpeg_arrival_chambers_temple_mockup, layout_basic,
          shapermc_ecumenical_altar_notcrosses, serial_shops, shop,
          minmay_pentomino_z4
D:2:      minmay_recursive_quarters, layout_basic, basic_altar, serial_shops,
          shop

Action                   || total
-------------------------++-------
Melee: Unarmed           ||    95
       Headbutt          ||     6
       Punch             ||     4
Throw: Boomerang         ||     3
 Cast: Beastly Appendage ||    11
 Abil: Spit Poison       ||     5
  Use: Potion            ||     5
       Scroll            ||     1
Armor: Robe              ||    15
       Skin              ||     2
Dodge: Dodged            ||    57

Table legend: (Time is in decaauts)
 A = Elapsed time spent in this place.
 B = Non-inter-level travel time spent in this place.
 C = Inter-level travel time spent in this place.
 D = Time resting spent in this place.
 E = Time spent auto-exploring this place.
 F = Levels seen in this place.
 G = Mean time per level.
                   A        B        C        D        E       F      G
               +--------+--------+--------+--------+--------+-----+--------+
         Total |   2420 |   2395 |     25 |    296 |   1812 |   2 | 1210.0 |
       Dungeon |   2420 |   2395 |     25 |    296 |   1812 |   2 | 1210.0 |
               +--------+--------+--------+--------+--------+-----+--------+

Top non-repeatable levels by time:
     D:1: 1767 daAuts
     D:2: 653 daAuts
